 Dungeon Crawl Stone Soup version 0.22.1-2-g9c5b331383 (webtiles) character file.

35667 Masterbaiter the Covert (level 14, -2/111 HPs)
             Began as a Human Assassin on Dec 12, 2018.
             Slain by an emperor scorpion (8 damage)
             ... on level 15 of the Dungeon on Dec 13, 2018.
             The game lasted 01:30:18 (24068 turns).

Masterbaiter the Covert (Human Assassin)           Turns: 24068, Time: 01:30:19

Health: -2/111     AC: 14    Str: 15    XL:     14   Next: 19%
Magic:  17/17      EV: 30    Int: 11    God:    Xom [......]
Gold:   151        SH:  0    Dex: 33    Spells: 5/13 levels left

rFire    . . .     SeeInvis +   K - +3 scimitar of the Unspeakable One {chaos, Dex+6}
rCold    . . .     Gourm    .   (no shield)
rNeg     + . .     Faith    +   J - +1 leather armour "Geqei" {rPois rN+ MR+ Dex+3}
rPois    +         Spirit   .   Y - +1 helmet
rElec    .         Reflect  .   l - +0 cloak {+Inv}
rCorr    .         Harm     .   F - +0 pair of gloves {Str+3}
MR       ++...     Rnd*Rage +   c - +0 pair of boots
Stlth    ++++++....             v - amulet of Her Zawu {Faith Dex+4}
HPRegen  0.28/turn              k - +4 ring of evasion
MPRegen  0.15/turn              e - +4 ring of protection

@: slightly contaminated
A: claws 1, hooves 2, repulsion field 1, see invisible, agile 1, berserk 1,
deformed body, poison resistance, weak 1, sturdy frame 1
a: Renounce Religion, Evoke Invisibility


You were on level 15 of the Dungeon.
You worshipped Xom.
You were a very special plaything of Xom.
You were not hungry.

You visited 3 branches of the dungeon, and saw 17 of its levels.
You also visited: Bailey.

You collected 2029 gold pieces.
You spent 1878 gold pieces at shops.

Inventory:

Hand Weapons
 a - a +2 dagger
 b - a +0 blowgun
 r - a +3 short sword of venom
 t - a +5 dagger of electrocution
 K - the +3 scimitar of the Unspeakable One (weapon) {chaos, Dex+6}
   (Xom gifted it to you on level 8 of the Dungeon)

   Each time it hits an enemy it has a different, random effect.
   It affects your dexterity (+6).
 M - a +3 long sword of holy wrath
 S - a +2 dagger of distortion
Missiles
 m - 34 stones (quivered)
 o - 3 needles of paralysis
Armour
 c - a +0 pair of boots (worn)
 l - a +0 cloak of invisibility (worn)
 n - the +3 ring mail of Iminask {rPois rF- rN+}
   (You bought it in a shop on level 15 of the Dungeon)

   It makes you vulnerable to fire.
   It protects you from poison.
   It protects you from negative energy.
 F - a +0 pair of gloves of strength (worn)
 J - the +1 leather armour "Geqei" (worn) {rPois rN+ MR+ Dex+3}
   (You found it on level 13 of the Dungeon)

   It affects your dexterity (+3).
   It protects you from poison.
   It protects you from negative energy.
   It affects your resistance to hostile enchantments.
 W - the +3 ring mail of the Morning {+Inv Str+3}
   (You took it off an orc on level 11 of the Dungeon)

   It affects your strength (+3).
   It lets you turn invisible.
 Y - a +1 helmet (worn)
Jewellery
 e - a +4 ring of protection (right hand)
 k - a +4 ring of evasion (left hand)
 v - the amulet of Her Zawu (around neck) {Faith Dex+4}
   (You bought it in a shop on level 13 of the Dungeon)

   [amulet of faith]

   It allows you to gain divine favour quickly.
   It affects your dexterity (+4).
 y - an uncursed amulet of the gourmand
 L - an uncursed ring of stealth
 N - an uncursed ring of resist corrosion
 R - the amulet of Fasusit {Harm *Drain rF+}
   (Xom gifted it to you on level 9 of the Dungeon)

   [amulet of harm]

   It increases damage dealt and taken.
   It protects you from fire.
   It causes draining when unequipped.
Wands
 u - a wand of clouds (5)
 w - a wand of acid (4)
 z - a wand of polymorph (48)
 D - a wand of flame (57)
 E - a wand of digging (5)
 H - a wand of iceblast (14)
 P - a wand of disintegration (6)
 Q - a wand of random effects (31)
 X - a wand of enslavement (12)
Scrolls
 h - 7 scrolls of amnesia
 i - 12 scrolls of remove curse
 j - 10 scrolls of identify
 G - 5 scrolls of immolation
 O - 2 scrolls of noise
 Z - 5 scrolls of teleportation
Potions
 p - a potion of haste
 s - a potion of flight
Comestibles
 g - 4 rations


   Skills:
 + Level 10.7 Fighting
 - Level 4.9(8.2) Short Blades
 + Level 10.1(10.6) Long Blades
 - Level 2.0 Throwing
 - Level 8.2 Armour
 + Level 10.4 Dodging
 + Level 12.4 Stealth
 - Level 4.9 Evocations


You had 5 spell levels left.
You knew the following spells:

 Your Spells              Type           Power        Failure   Level  Hunger
a - Magic Dart            Conj           #...         36%         1    ##.....
b - Call Imp              Summ           #.......     50%         2    ###....
c - Mephitic Cloud        Conj/Pois/Air  #.......     73%         3    ####...
d - Blink                 Tloc           N/A          50%         2    ###....

Your spell library contained the following spells:

 Spells                   Type           Power        Failure   Level  Hunger
 Corona                   Hex            #......      36%         1    ##.....
 Summon Butterflies       Summ           #.......     36%         1    ##.....
 Poisonous Vapours        Pois/Air       #.....       50%         2    ###....
 Slow                     Hex            #.......     50%         2    ###....
 Call Canine Familiar     Summ           #.......     73%         3    ####...
 Conjure Flame            Conj/Fire      #.......     73%         3    ####...
 Inner Flame              Hex/Fire       #.......     73%         3    ####...
 Portal Projectile        Hex/Tloc       #.....       73%         3    ####...
 Cause Fear               Hex            #.........   98%         4    #####..
 Leda's Liquefaction      Hex/Erth       #.........   98%         4    #####..
 Summon Ice Beast         Ice/Summ       #.......     98%         4    #####..
 Summon Mana Viper        Hex/Summ       #.......     100%        5    ######.
 Freezing Cloud           Conj/Ice/Air   #.........   100%        6    #######
 Ring of Flames           Chrm/Fire      #.........   100%        7    #######
 Summon Hydra             Summ           #.........   100%        7    #######


Dungeon Overview and Level Annotations

Branches:
Dungeon (15/15)            Temple (1/1) D:6            Lair (0/6) D:10
    Orc (1/2) D:9          Vaults (0/5) D:13
 Depths: D:15

Altars:
Ashenzari
Cheibriados
Dithmenos
Elyvilon
Fedhas
Gozag
Hepliaklqana
Kikubaaqudgha
Makhleb
Nemelex Xobeh
Okawaru
Qazlal
Ru
Sif Muna
Trog
Uskayaw
Vehumet
Wu Jian
Xom
Yredelemnul
Zin
The Shining One
Beogh

Shops:
D:7 [   D:13 =%*?   D:15 [

Annotations:
D:14 2 runed doors, Elilow's ghost, journeyman BaHu


Innate Abilities, Weirdness & Mutations

You have sharp fingernails.
You have hoof-like feet.
You are surrounded by a mild repulsion field. (EV +2)
You have supernaturally acute eyesight. (SInv)
You are agile. (Dex +2)
You tend to lose your temper in combat.
Armour fits poorly on your strangely shaped body.
Your system is resistant to poisons. (rPois)
You are weak. (Str -2)
Your movements are slightly less encumbered by armour. (ER -2)


Message History

Your body is wracked with pain!
* * * LOW HITPOINT WARNING * * *
The emperor scorpion convulses!
Evoke which item? (* to show all) (? for menu, Esc to quit)
Okay, then.
You closely miss the emperor scorpion.
The emperor scorpion is severely wounded.
Press: ? - help, v - describe, . - travel
Here: an emperor scorpion (severely wounded)
The floor.
Evoke which item? (* to show all) (? for menu, Esc to quit)
Aiming: Corrosive Bolt
Press: ? - help, Shift-Dir - straight line, f/p - emperor scorpion
Aim: an emperor scorpion (severely wounded)
The bolt of acid misses the emperor scorpion.
The emperor scorpion stings you.
* * * LOW HITPOINT WARNING * * *
The emperor scorpion claws you!
You die...
Xom thinks this is hilarious!

.........#.#.....##..###..##.##..
.........#.......#....'....#.....
..###.#.###.....##....'....#.##..
..........#.....###..###..##.....
..................#### #')#......
...##...#.#......##..###..##.....
......_.#.##.#...'....'...†#....#
.................'....'....#.....
...........#.#..@##..###..#####.#
...##......###..s#####.#### #
...##.....................# #
...##.(..........##.......# #
........(........##.......# #
...##(.......................# .#
........##....###########........
............#.# ## ........
.....(<.....#.# .# ..####.#


You could see an emperor scorpion.

Vanquished Creatures
  Fannar (D:14)
  Erolcha (D:13)
  2 centaur warriors
  Erica (D:11)
  A dancing weapon (D:13)
  A tengu warrior (D:14)
  3 two-headed ogres
  Sonja (D:10)
  3 unseen horrors
  A phantasmal warrior (D:15)
  3 ugly things
  A cyclops (D:11)
  A deep elf mage (D:14)
  3 orc sorcerers (Orc:1)
  2 orc knights (Bailey)
  Maurice (D:9)
  Psyche (D:11)
  5 gargoyles
  A komodo dragon (D:15)
  A kobold demonologist (D:14)
  3 meliai (D:14)
  A tengu conjurer (D:14)
  4 trolls
  2 hornets
  Prince Ribbit (D:9)
  9 slime creatures
  6 hippogriffs
  A spriggan (D:8)
  Sigmund (D:6)
  4 wraiths
  2 wyverns
  A water elemental (D:14)
  8 yaks
  Grum (D:9)
  3 vampire mosquitoes (D:12)
  A steam dragon (D:8)
  A hungry ghost (D:12)
  A warg (Orc:1)
  An acid dragon (D:13)
  A soldier ant (D:11)
  Duvessa (D:7)
  3 water moccasins
  2 black bears
  An ice beast (D:5)
  A necrophage (D:11)
  4 sky beasts
  16 orc warriors
  A phantom (D:5)
  An eye of draining (D:8)
  6 ogres
  2 wolves (D:9)
  11 centaurs
  5 big kobolds
  9 bullfrogs
  Dowan (D:7)
  A wyvern zombie (D:11)
  2 scorpions
  A wyvern skeleton (D:8)
  9 killer bees
  3 wights (D:11)
  3 centaur zombies
  A quasit (D:14)
  5 jellies
  5 orc priests
  5 hounds
  17 orc wizards
  Crazy Yiuf (D:4)
  3 bullfrog skeletons
  4 centaur skeletons
  4 iguanas
  Ijyb (D:5)
  9 worker ants
  A hound skeleton (D:5)
  3 worker ant zombies
  7 gnolls
  14 adders
  6 shadow imps
  2 oozes (D:3)
  2 adder zombies
  An adder skeleton (D:10)
  2 worms
  A dart slug (D:2)
  8 leopard geckos
  83 orcs
  A ball python (D:8)
  12 bats
  4 giant cockroaches
  13 hobgoblins
  5 jackals
  3 quokkas
  A frilled lizard (D:2)
  A giant cockroach zombie (D:5)
  9 goblins
  37 kobolds
  A leopard gecko skeleton (D:7)
  11 rats
452 creatures vanquished.

Vanquished Creatures (collateral kills)
  A rakshasa (D:15)
  A death knight (D:15)
  A dancing weapon (D:13)
  A lindwurm (shapeshifter) (D:15)
  An orc knight (D:13)
  An ugly thing (D:15)
  3 centaur skeletons
  3 meliai (D:14)
  A troll (D:13)
  An eye of draining (D:9)
  A jelly (D:9)
  An orc priest (D:9)
  An iguana (D:9)
  An adder (D:7)
  7 orcs
25 creatures vanquished.

Vanquished Creatures (others)
  2 kobolds (D:11)
2 creatures vanquished.

Grand Total: 479 creatures vanquished

Notes
Turn   | Place    | Note
-------+----------+-------------------------------------------
     0 | D:1      | Masterbaiter the Human Assassin began the quest for the
                  | Orb.
     0 | D:1      | Reached XP level 1. HP: 16/16 MP: 1/1
   256 | D:1      | Reached XP level 2. HP: 22/22 MP: 2/2
   759 | D:1      | Reached XP level 3. HP: 7/28 MP: 3/3
  1630 | D:2      | Reached XP level 4. HP: 4/34 MP: 4/4
  2993 | D:2      | Reached XP level 5. HP: 14/40 MP: 5/5
  2996 | D:2      | HP: 2/40 [gnoll/whip (3)]
  3875 | D:3      | Reached skill level 1 in Armour
  4358 | D:3      | Reached XP level 6. HP: 47/47 MP: 6/6
  4906 | D:4      | Found a runed door.
  5119 | D:4      | Reached XP level 7. HP: 18/52 MP: 7/7
  5720 | D:4      | Reached skill level 5 in Armour
  6021 | D:4      | Found a deep blue altar of Sif Muna.
  6589 | D:4      | Noticed Crazy Yiuf
  6595 | D:4      | Killed Crazy Yiuf
  6742 | D:5      | Entered Level 5 of the Dungeon
  6777 | D:5      | Reached skill level 5 in Stealth
  6929 | D:5      | Reached XP level 8. HP: 43/58 MP: 8/8
  7600 | D:5      | Found a sparkling altar of Nemelex Xobeh.
  7677 | D:5      | Noticed Ijyb
  7686 | D:5      | Killed Ijyb
  8035 | D:6      | Reached skill level 6 in Stealth
  8457 | D:6      | Reached XP level 9. HP: 65/66 MP: 9/9
  8487 | D:6      | Found a staircase to the Ecumenical Temple.
  8532 | Temple   | Entered the Ecumenical Temple
  8724 | Temple   | Became a worshipper of Xom the Fickle
  8961 | D:6      | Noticed Sigmund
  8965 | D:6      | XOM: silly message
  8972 | D:6      | Killed Sigmund
  9048 | D:6      | XOM: divination: detect items
  9356 | D:7      | XOM: harmless Conj miscast
  9603 | D:7      | Reached skill level 5 in Fighting
  9675 | D:7      | XOM: give mutation
  9675 | D:7      | Gained mutation: You possess an exceptional clarity of
                  | mind. [Xom's grace]
  9900 | D:7      | Found Ziob's Armour Boutique.
  9941 | D:7      | Bought a +0 pair of gloves of strength for 172 gold pieces
 10006 | D:7      | XOM: enchant monster (good)
 10043 | D:7      | XOM is BORED!
 10043 | D:7      | XOM: repel stairs
 10179 | D:7      | Noticed Duvessa
 10188 | D:7      | Noticed Dowan
 10193 | D:7      | Killed Duvessa
 10193 | D:7      | Reached skill level 7 in Stealth
 10197 | D:7      | Killed Dowan
 10452 | D:8      | XOM: 1-stop teleportation journey
 10460 | D:8      | XOM: cast spell 'Leda's Liquefaction'
 10464 | D:8      | XOM: god gift: steaming scimitar {god gift}
 10466 | D:8      | XOM: polymorph adder -> ball python
 10477 | D:8      | Got a steaming scimitar {god gift}
 10478 | D:8      | Identified the +3 scimitar of the Unspeakable One {chaos,
                  | Dex+6} (Xom gifted it to you on level 8 of the Dungeon)
 10581 | D:8      | Reached skill level 1 in Long Blades
 10593 | D:8      | XOM: enchant monster (good)
 10606 | D:8      | XOM: cast spell 'Disjunction'
 10618 | D:8      | XOM: cleaving
 10620 | D:8      | XOM: snakes to sticks
 10685 | D:8      | Lost mutation: You possess an exceptional clarity of mind.
                  | [potion of mutation]
 10685 | D:8      | Gained mutation: Your mind is acute. (Int +2) [potion of
                  | mutation]
 10685 | D:8      | Gained mutation: You evolve. [potion of mutation]
 10685 | D:8      | Gained mutation: You possess an exceptional clarity of
                  | mind. [potion of mutation]
 10686 | D:8      | Lost mutation: Your mind is acute. (Int +2) [potion of
                  | mutation]
 10686 | D:8      | Lost mutation: You evolve. [potion of mutation]
 10686 | D:8      | Lost mutation: You possess an exceptional clarity of mind.
                  | [potion of mutation]
 10686 | D:8      | Gained mutation: Your body sometimes deteriorates upon
                  | taking damage. [potion of mutation]
 10686 | D:8      | Gained mutation: You are weak. (Str -2) [potion of
                  | mutation]
 10686 | D:8      | Gained mutation: Your mind is acute. (Int +2) [potion of
                  | mutation]
 10687 | D:8      | Lost mutation: Your body sometimes deteriorates upon taking
                  | damage. [potion of mutation]
 10687 | D:8      | Lost mutation: Your mind is acute. (Int +2) [potion of
                  | mutation]
 10687 | D:8      | Lost mutation: You are weak. (Str -2) [potion of mutation]
 10687 | D:8      | Gained mutation: Your system is resistant to poisons.
                  | (rPois) [potion of mutation]
 10870 | D:8      | Noticed a hornet
 10872 | D:8      | XOM: confuse monster(s)
 10875 | D:8      | XOM: cleaving
 10880 | D:8      | XOM: scenery: create altars
 10884 | D:8      | Reached XP level 10. HP: 74/74 MP: 10/10
 10993 | D:8      | Reached skill level 5 in Dodging
 11179 | D:8      | Reached skill level 8 in Stealth
 11210 | D:8      | XOM: give mutations
 11210 | D:8      | Gained mutation: You are surrounded by a mild repulsion
                  | field. (EV +2) [Xom's grace]
 11210 | D:8      | Gained mutation: You passively map a small area around you.
                  | [Xom's grace]
 11250 | D:8      | XOM: polymorph hippogriff -> spriggan
 11251 | D:8      | Reached skill level 5 in Long Blades
 11352 | D:9      | Noticed Grum
 11366 | D:9      | Killed Grum
 11380 | D:9      | Learned a level 1 spell: Magic Dart
 11383 | D:9      | Learned a level 2 spell: Call Imp
 11387 | D:9      | Learned a level 3 spell: Mephitic Cloud
 11390 | D:9      | Learned a level 2 spell: Blink
 11404 | D:9      | XOM: enchant monster (good)
 11441 | D:9      | XOM: cast spell 'Dispersal'
 11462 | D:9      | Found a staircase to the Orcish Mines.
 11790 | D:9      | XOM: 2-stop teleportation journey
 11908 | D:9      | Noticed Prince Ribbit
 11916 | D:9      | Noticed a two-headed ogre
 11922 | D:9      | Killed a two-headed ogre
 11926 | D:9      | XOM: give mutations
 11926 | D:9      | Gained mutation: You have large cloven feet. [Xom's grace]
 11926 | D:9      | Gained mutation: You possess an exceptional clarity of
                  | mind. [Xom's grace]
 11926 | D:9      | Gained mutation: You have sharp fingernails. [Xom's grace]
 11944 | D:9      | Killed Prince Ribbit
 11944 | D:9      | Reached skill level 9 in Stealth
 11987 | D:9      | Reached XP level 11. HP: 79/83 MP: 11/11
 12076 | D:9      | Found a burning altar of Makhleb.
 12081 | D:9      | Found a shadowy altar of Dithmenos.
 12083 | D:9      | Found a blossoming altar of Fedhas.
 12083 | D:9      | Found a white marble altar of Elyvilon.
 12083 | D:9      | Found a hide-covered altar of Uskayaw.
 12083 | D:9      | Found a snail-covered altar of Cheibriados.
 12086 | D:9      | Found an opulent altar of Gozag.
 12087 | D:9      | Found an iron altar of Okawaru.
 12093 | D:9      | Found a glowing silver altar of Zin.
 12098 | D:9      | Found a hazy altar of Hepliaklqana.
 12103 | D:9      | Found a basalt altar of Yredelemnul.
 12107 | D:9      | Found an ornate altar of the Wu Jian Council.
 12114 | D:9      | XOM: god gift: warped lead amulet {god gift}
 12115 | D:9      | Got a warped lead amulet {god gift}
 12151 | D:9      | Identified the amulet of Fasusit {Harm *Drain rF+} (Xom
                  | gifted it to you on level 9 of the Dungeon)
 12279 | D:9      | Noticed Maurice
 12289 | D:9      | Killed Maurice
 12451 | Orc:1    | Entered Level 1 of the Orcish Mines
 12481 | Orc:1    | XOM: potion effect (heal wounds)
 12489 | Orc:1    | XOM: 7-stop teleportation journey
 12494 | Orc:1    | Found a roughly hewn altar of Beogh.
 12574 | Orc:1    | Found a flagged portal.
 12574 | Orc:1    | Noticed an orc sorcerer
 12667 | Orc:1    | Killed an orc sorcerer
 12674 | Bailey   | Entered a bailey
 12683 | Bailey   | Noticed an orc knight
 12733 | Bailey   | Reached skill level 1 in Evocations
 12807 | Bailey   | Killed an orc knight
 12818 | Bailey   | Noticed an orc knight
 12826 | Bailey   | Killed an orc knight
 13172 | Orc:1    | Noticed an orc sorcerer
 13178 | Orc:1    | XOM: scenery: create altars
 13180 | Orc:1    | Killed an orc sorcerer
 13465 | Orc:1    | Noticed an orc sorcerer
 13476 | Orc:1    | Paralysed by an orc sorcerer for 7 turns
 13486 | Orc:1    | Killed an orc sorcerer
 13889 | D:10     | Entered Level 10 of the Dungeon
 14167 | D:10     | XOM: summons 2 hostile shadow creatures
 14295 | D:10     | Reached skill level 10 in Stealth
 14428 | D:10     | XOM: scenery: create altars
 14447 | D:10     | Noticed Sonja
 14455 | D:10     | Killed Sonja
 14518 | D:10     | XOM: god gift: 2 needles of paralysis
 14519 | D:10     | Reached XP level 12. HP: 92/92 MP: 12/14
 14567 | D:10     | XOM: enchant monster (good)
 14663 | D:10     | Gained mutation: You are weak. (Str -2) [mutagenic glow]
 14702 | D:10     | XOM: medium Pois miscast
 14761 | D:10     | Found a staircase to the Lair.
 14916 | D:11     | Noticed Psyche
 14918 | D:11     | XOM: harmless Fire miscast
 14946 | D:11     | Killed Psyche
 15129 | D:11     | Identified the +3 ring mail of the Morning {+Inv Str+3}
                  | (You took it off an orc on level 11 of the Dungeon)
 15345 | D:11     | Noticed Erica
 15369 | D:11     | Killed Erica
 15439 | D:11     | XOM: medium Conj miscast
 15708 | D:11     | Killed an unseen horror
 16219 | D:12     | XOM: 2-stop teleportation journey
 16220 | D:12     | Noticed Fannar
 16238 | D:12     | Reached skill level 11 in Stealth
 16239 | D:12     | Lost mutation: You possess an exceptional clarity of mind.
                  | [mutagenic glow]
 16449 | D:12     | XOM: mild Ice miscast
 16604 | D:12     | XOM: scenery: create altars
 16747 | D:12     | Killed an unseen horror
 16845 | D:12     | XOM: give mutations
 16845 | D:12     | Gained mutation: You have supernaturally acute eyesight.
                  | (SInv) [Xom's grace]
 16845 | D:12     | Gained mutation: Your movements are slightly less
                  | encumbered by armour. (ER -2) [Xom's grace]
 16845 | D:12     | Gained mutation: You are resistant to hostile enchantments.
                  | (MR+) [Xom's grace]
 16845 | D:12     | Gained mutation: You have hoof-like feet. [Xom's grace]
 16868 | D:12     | Reached XP level 13. HP: 101/101 MP: 15/15
 17075 | D:12     | XOM: god gift: helmet {god gift}
 17296 | D:12     | XOM: divination: detect items
 17417 | D:12     | XOM: mild Summ miscast
 17645 | D:12     | XOM: divination: detect items
 18243 | D:13     | Found Vemas's Magic Scroll Boutique.
 18254 | D:13     | Bought a scroll of enchant armour for 120 gold pieces
 18254 | D:13     | Bought a scroll of teleportation for 48 gold pieces
 18254 | D:13     | Bought a scroll of torment for 120 gold pieces
 18254 | D:13     | Bought a scroll of teleportation for 48 gold pieces
 18254 | D:13     | Bought a scroll of teleportation for 48 gold pieces
 18282 | D:13     | XOM: god gift: silver ring {god gift}
 18348 | D:13     | Found Quiveli's General Store.
 18359 | D:13     | Bought a potion of mutation for 120 gold pieces
 18359 | D:13     | Lost mutation: You passively map a small area around you.
                  | [potion of mutation]
 18359 | D:13     | Lost mutation: Your movements are slightly less encumbered
                  | by armour. (ER -2) [potion of mutation]
 18359 | D:13     | Lost mutation: You are resistant to hostile enchantments.
                  | (MR+) [potion of mutation]
 18359 | D:13     | Gained mutation: You are agile. (Dex +2) [potion of
                  | mutation]
 18518 | D:13     | Noticed Erolcha
 18532 | D:13     | XOM: cleaving
 18535 | D:13     | Killed Erolcha
 18550 | D:13     | XOM: 1-stop teleportation journey
 18632 | D:13     | Found Lamytt's Jewellery Shop.
 18635 | D:13     | Bought the amulet of Her Zawu {Faith Dex+4} for 941 gold
                  | pieces
 18644 | D:13     | Found a gate to the Vaults.
 18644 | D:13     | XOM: fog
 18651 | D:13     | XOM: 2-stop teleportation journey
 18703 | D:13     | XOM: 2-stop teleportation journey
 18744 | D:13     | Found Raruts's Food Shop.
 18755 | D:13     | XOM: confuse monster(s)
 18766 | D:13     | Got a pitted leather armour
 18781 | D:13     | XOM: enchant monster (bad)
 18794 | D:13     | Identified the +1 leather armour "Geqei" {rPois rN+ MR+
                  | Dex+3} (You found it on level 13 of the Dungeon)
 19243 | D:13     | XOM: harmless Conj miscast
 19304 | D:14     | Reached skill level 10 in Fighting
 19388 | D:14     | XOM: harmless Necr miscast
 19391 | D:14     | XOM: confusion
 19873 | D:14     | Noticed a centaur warrior
 19880 | D:14     | XOM: confuse monster(s)
 19887 | D:14     | XOM: potion effect (invisibility)
 19893 | D:14     | Killed a centaur warrior
 19974 | D:14     | Gained mutation: Armour fits poorly on your strangely
                  | shaped body. [mutagenic glow]
 20089 | D:14     | Found a runed door.
 20102 | D:14     | Noticed a lich
 20103 | D:14     | Noticed Elilow's ghost (journeyman BaHu)
 20106 | D:14     | Found a runed door.
 20233 | D:14     | XOM: harmless Conj miscast
 20351 | D:14     | XOM: medium Necr miscast
 21977 | D:12     | XOM: noise
 22298 | D:12     | XOM: god gift: 17 stones
 22445 | D:12     | XOM: harmless Necr miscast
 22517 | D:12     | XOM: give mutation
 22517 | D:12     | Gained mutation: Your movements are slightly less
                  | encumbered by armour. (ER -2) [Xom's grace]
 22774 | D:13     | You fall through a shaft!
 22862 | D:15     | Entered Level 15 of the Dungeon
 22872 | D:15     | Found Cuceuliag's Antique Armour Shoppe.
 22878 | D:15     | Bought a faintly glowing ring mail for 261 gold pieces
 22878 | D:15     | Identified the +3 ring mail of Iminask {rPois rF- rN+} (You
                  | bought it in a shop on level 15 of the Dungeon)
 22909 | D:15     | XOM: summons friendly crimson imp
 22920 | D:15     | XOM: summons 4 friendly demons
 22921 | D:15     | Noticed a centaur warrior
 22938 | D:15     | XOM: cast spell 'Cause Fear'
 22939 | D:15     | XOM: summons 4 friendly demons
 23020 | D:14     | XOM: god gift: 3 needles of paralysis
 23099 | D:14     | XOM: confuse monster(s)
 23108 | D:14     | XOM: confuse monster(s)
 23128 | D:14     | XOM: confuse monster(s)
 23129 | D:14     | Killed Fannar
 23129 | D:14     | Reached skill level 10 in Dodging
 23129 | D:14     | Reached skill level 12 in Stealth
 23242 | D:14     | XOM: cloud trail
 23289 | D:14     | XOM: noise
 23352 | D:14     | XOM: god gift: 30 gold pieces
 23451 | D:15     | XOM: summons friendly crimson imp
 23457 | D:15     | Killed a centaur warrior
 23471 | D:15     | XOM: scenery: create altars
 23512 | D:15     | XOM: scenery: 2 doors open
 23514 | D:15     | XOM: harmless Hex miscast
 23520 | D:15     | XOM: swap monsters
 23541 | D:15     | XOM: summons 3 friendly demons
 23548 | D:15     | Reached XP level 14. HP: 39/111 MP: 17/17
 23726 | D:15     | XOM: 2-stop teleportation journey
 23735 | D:15     | XOM: medium Tmut miscast
 23751 | D:15     | Reached skill level 10 in Long Blades
 23803 | D:15     | XOM: summons 7 hostile demons
 23809 | D:15     | Found a blossoming altar of Fedhas.
 23814 | D:15     | XOM: 3-stop teleportation journey
 23828 | D:15     | XOM: enchant monster (bad)
 23858 | D:15     | XOM: harmless Air miscast
 23864 | D:15     | XOM: 2-stop teleportation journey
 23919 | D:15     | XOM: noise
 23921 | D:15     | XOM: scenery: create altars
 23924 | D:15     | XOM: cast spell 'Summon Dragon'
 23949 | D:15     | XOM: divination: detect creatures
 23979 | D:15     | Gained mutation: You tend to lose your temper in combat.
                  | [mutagenic glow]
 23993 | D:15     | XOM: god gift: 39 gold pieces
 24024 | D:15     | Noticed an emperor scorpion
 24043 | D:15     | XOM: confuse monster(s)
 24057 | D:15     | XOM: harmless Tloc miscast
 24068 | D:15     | Slain by an emperor scorpion

Skill      XL: |  1  2  3  4  5  6  7  8  9 10 11 12 13 14 |
---------------+-------------------------------------------+-----
Dodging        | 2 3 4 6 7 9 10 | 10.4
Fighting       | 3 4 5 6 8 9 10 | 10.7
Armour         | 2 4 5 6 7 8 |  8.2
Short Blades   | 3 4 |  4.9
Stealth        | 5 6 7 9 10 11 12 | 12.4
Long Blades    | 4 6 7 8 9 10 | 10.1
Evocations     | 3 4 |  4.9
Throwing       | |  2.0

Action                   |  1- 3 |  4- 6 |  7- 9 | 10-12 | 13-15 || total
-------------------------+-------+-------+-------+-------+-------++-------
Melee: Dagger            |   126 |   396 |   294 |       |       ||   816
       Short sword       |       |       |    60 |       |       ||    60
       Scimitar          |       |       |    30 |   475 |   295 ||   800
       Kick              |       |       |       |   159 |    48 ||   207
Throw: Tomahawk          |       |       |     5 |     2 |       ||     7
 Cast: Blink             |       |       |       |     3 |       ||     3
       Call Imp          |       |       |       |     2 |       ||     2
 Abil: Evoke Invisibilit |       |       |     4 |    17 |    15 ||    36
Evoke: Wand              |       |       |       |     5 |    14 ||    19
  Use: Scroll            |     6 |     5 |    13 |    15 |    14 ||    53
       Potion            |     2 |     4 |     5 |     8 |     7 ||    26
 Stab: Sleeping          |     3 |     9 |     5 |    21 |    13 ||    51
       Invisible         |       |       |     1 |    21 |    47 ||    69
       Petrifying        |       |       |       |     4 |       ||     4
       Confused          |       |       |       |     3 |     8 ||    11
       Distracted        |       |       |       |     4 |     4 ||     8
       Paralysed         |       |       |       |     7 |     1 ||     8
       Petrified         |       |       |       |     2 |       ||     2
  Eat: Ration            |     2 |     2 |     5 |     8 |     9 ||    26
       Chunk             |       |     1 |     2 |     1 |       ||     4
Armor: Robe              |    49 |    29 |       |       |       ||    78
       Leather armour    |       |    72 |    79 |    50 |    46 ||   247
       Skin              |       |     1 |       |    20 |       ||    21
       Ring mail         |       |       |       |    41 |    16 ||    57
       Troll leather arm |       |       |       |    15 |       ||    15
Dodge: Dodged            |    84 |   354 |   292 |   665 |   493 ||  1888
       Rpst.: Scimitar   |       |       |    15 |   142 |    99 ||   256
